 Dungeon Crawl Stone Soup version 0.18.1-50-g88ac8fd (webtiles) character file.

397 Rhaelyrin the Conjurer (level 6, -1/32 HPs)
             Began as a Gargoyle Earth Elementalist on Sept 24, 2016.
             Was a Follower of Vehumet.
             Slain by an orc
             ... wielding a +0 dagger
              (2 damage)
             ... on level 3 of the Dungeon.
             The game lasted 00:10:55 (3057 turns).

Rhaelyrin the Conjurer (GrEE)                       Turns: 3057, Time: 00:10:56

Health: -1/32      AC: 11    Str: 11    XL:     6   Next: 83%
Magic:  1/9        EV: 10    Int: 18    God:    Vehumet [*.....]
Gold:   91         SH:  0    Dex: 10    Spells: 2 memorised, 5 levels left

rFire  . . .     SeeInvis .     i - +0 spear
rCold  . . .     Gourm    .     w - +0 ring mail
rNeg   + . .     Faith    .     (no shield)
rPois  ∞         Spirit   .     e - +0 helmet
rElec  +         Dismiss  .     (no cloak)
rCorr  .         Reflect  .     m - +0 pair of gloves
SustAt .         Harm     .     (no boots)
MR     .....                    (no amulet)
Stlth  +.........               (no ring)
                                (no ring)

@: not resistant to hostile enchantments, very unstealthy
A: negative energy resistance 1, electricity resistance, unbreathing,
petrification resistance, rot immunity, AC +4
a: Renounce Religion


You were on level 3 of the Dungeon.
You worshipped Vehumet.
Vehumet was aware of your devotion.
You were not hungry.

You visited 1 branch of the dungeon, and saw 3 of its levels.

You collected 91 gold pieces.

Inventory:

Hand Weapons
 i - a +0 spear (weapon)
Missiles
 b - 29 stones (quivered)
Armour
 e - a +0 helmet (worn)
 m - a +0 pair of gloves (worn)
 w - a +0 ring mail (worn)
Jewellery
 u - an uncursed ring of stealth {unknown}
Wands
 s - a wand of random effects (25/48)
Scrolls
 f - 2 scrolls of magic mapping {unknown}
 g - a scroll of enchant armour {unknown}
 n - a scroll of identify {unknown}
 o - a scroll of fog {unknown}
 q - a scroll of amnesia {unknown}
 v - a scroll of remove curse {unknown}
Potions
 h - a potion of cure mutation {unknown}
 j - a potion of haste
 r - a potion of degeneration {unknown}
 t - a potion of flight {unknown}
 x - a potion of berserk rage {unknown}
 z - 2 potions of agility {unknown}
Books
 c - a book of Geomancy

   Spells                             Type                      Level
   a - Sandblast                      Earth                        1
   b - Passwall                       Transmutation/Earth          2
   c - Stone Arrow                    Conjuration/Earth            3
   d - Petrify                        Transmutation/Earth          4
   e - Lee's Rapid Deconstruction     Earth                        5
Comestibles
 a - a slice of pizza
 d - a bread ration
 l - 3 fruits


   Skills:
 - Level 1.5 Dodging
 - Level 2.1 Stealth
 - Level 0.4 Unarmed Combat
 - Level 2.0 Spellcasting
 * Level 6.5 Conjurations
   Level 0.7 Transmutations
 - Level 5.0 Earth Magic


You had 5 spell levels left.
You knew the following spells:

 Your Spells              Type           Power        Failure   Level  Hunger
a - Sandblast             Erth           ###...       6%          1    #......
b - Stone Arrow           Conj/Erth      ###...       14%         3    ###....


Dungeon Overview and Level Annotations

Branches:
Dungeon (3/15)

Altars:
Ashenzari
Vehumet
Xom


Innate Abilities, Weirdness & Mutations

You are resistant to torment.
Your stone body is resilient (AC +4).
You are immune to poison.
You resist negative energy.
You are resistant to electric shocks.
You can survive without breathing.
You are immune to petrification.
You are immune to rotting.


Message History

The orc wizard points at you and mumbles some strange words.
The magic dart hits you!
* * * LOW HITPOINT WARNING * * *
The goblin hits you but does no damage. The orc hits you but does no damage.
You miss the orc wizard.
The orc wizard is lightly wounded.
The orc wizard misses you. The goblin hits you.
* * * LOW HITPOINT WARNING * * *
The orc hits you but does no damage.
You hit the orc wizard.
The orc wizard is moderately wounded.
The orc wizard hits you but does no damage.
The goblin hits you.
* * * LOW HITPOINT WARNING * * *
The orc hits you but does no damage.
You closely miss the orc wizard.
The orc wizard is lightly wounded.
The orc wizard hits you but does no damage.
The goblin hits you but does no damage. The orc hits you with a dagger.
You die...

# ####### ##
######..bo@#
.............>.go#
###g.#.##......#.#
........#..###..$#
......%.#....#.#####
........#....o.#...
# ...#.o#...#.##
#.#..##.....#
#....##...).#


You could see an orc wizard, an orc, a goblin and a bat.

Vanquished Creatures
  A hungry ghost (D:3)
  The ghost of Scuka the Stinger, a weakling SpVM (D:3)
  2 orc wizards (D:3)
  An orc priest (D:3)
  Jessica (D:2)
  5 adders
  A worm (D:2)
  5 giant geckos
  8 orcs (D:3)
  11 bats
  5 giant cockroaches
  5 goblins
  6 hobgoblins
  3 jackals (D:1)
  A quokka (D:2)
  5 giant newts
  8 kobolds
  5 rats
74 creatures vanquished.

Notes
Turn   | Place    | Note
--------------------------------------------------------------
     0 | D:1      | Rhaelyrin the Gargoyle Earth Elementalist began the quest for the Orb.
     0 | D:1      | Reached XP level 1. HP: 10/10 MP: 3/3
   457 | D:1      | Reached XP level 2. HP: 15/15 MP: 5/5
   964 | D:2      | Reached XP level 3. HP: 19/19 MP: 6/6
   969 | D:2      | Learned a level 3 spell: Stone Arrow
  1067 | D:2      | Found a shimmering altar of Xom.
  1131 | D:2      | Reached skill level 1 in Conjurations
  1652 | D:2      | Reached skill level 5 in Earth Magic
  1707 | D:2      | Noticed Jessica
  1707 | D:2      | Reached skill level 2 in Conjurations
  1717 | D:2      | Killed Jessica
  1717 | D:2      | Reached XP level 4. HP: 24/24 MP: 3/7
  2054 | D:2      | Reached skill level 3 in Conjurations
  2146 | D:2      | Found a radiant altar of Vehumet.
  2158 | D:2      | Became a worshipper of Vehumet
  2572 | D:3      | Noticed Scuka's ghost (weakling SpVM)
  2574 | D:3      | Noticed a hungry ghost
  2575 | D:3      | Killed Scuka's ghost
  2575 | D:3      | Reached skill level 4 in Conjurations
  2575 | D:3      | Reached XP level 5. HP: 28/28 MP: 5/8
  2603 | D:3      | Killed a hungry ghost
  2603 | D:3      | Reached skill level 5 in Conjurations
  2603 | D:3      | Reached XP level 6. HP: 28/32 MP: 1/9
  2720 | D:3      | Found a shattered altar of Ashenzari.
  2806 | D:3      | Reached skill level 6 in Conjurations
  2852 | D:3      | HP: 1/32 [something (1)]
  2882 | D:3      | HP: 1/32 [orc/club (3)]
  2883 | D:3      | Reached * piety under Vehumet
  2883 | D:3      | Offered knowledge of Flame Tongue by Vehumet.
  2891 | D:3      | HP: 1/32 [kobold/short sword (1)]
  3056 | D:3      | HP: 1/32 [goblin (3)]
  3057 | D:3      | Slain by an orc

Skill      XL: |  1  2  3  4  5  6 |
---------------+-------------------+-----
Earth Magic    | 4 5 |  5.0
Conjurations   | 2 4 5 6 |  6.5
Dodging        | |  1.5
Stealth        | |  2.1
Unarmed Combat | |  0.4
Spellcasting   | |  2.0
Transmutations | |  0.7

Action                   |  1- 3 |  4- 6 || total
-------------------------+-------+-------++-------
Melee: Unarmed           |    19 |       ||    19
       Spear             |   160 |   155 ||   315
       Punch             |     1 |       ||     1
 Cast: Sandblast         |     7 |    48 ||    55
  Use: Potion            |       |     4 ||     4
 Stab: Sleeping          |     4 |     4 ||     8
  Eat: Chunk             |     2 |     6 ||     8
       Beef jerky        |       |     1 ||     1
Armor: Leather armour    |    92 |    22 ||   114
       Ring mail         |       |   173 ||   173
Dodge: Dodged            |   115 |   169 ||   284
